 Dungeon Crawl Stone Soup version 0.20.0-15-g7f486f2 (webtiles) character file.

11226 spgg the Nimble (level 11, -4/76 (77) HPs)
             Began as an Octopode Transmuter on June 29, 2017.
             Was a High Priest of Okawaru.
             Slain by an unseen horror (6 damage)
             ... on level 11 of the Dungeon.
             The game lasted 00:25:39 (13294 turns).

spgg the Nimble (Octopode Transmuter)              Turns: 13294, Time: 00:25:39

HP:   -4/76 (77)    AC:  2    Str:  9    XL:     11   Next: 74%
MP:   11/14         EV: 31    Int: 26    God:    Okawaru [*****.]
Gold: 618           SH:  2    Dex: 19    Spells: 3/14 levels left

rFire    . . .     SeeInvis .     - Unarmed
rCold    . . .     Gourm    .   (shield currently unavailable)
rNeg     + . .     Faith    .   (helmet currently unavailable)
rPois    x         Spirit   .   h - +2 amulet of reflection
rElec    .         Reflect  +   l - ring of positive energy
rCorr    .         Harm     .   B - +5 ring of intelligence
MR       .....                  F - ring "Wodghek" {+Fly Int+3}
Stlth    ++........             (no ring)
Regen    0.3/turn               (no ring)
MPRegen  0.2/turn               (no ring)
                                (no ring)
                                (no ring)

@: spider-form
A: almost no armour, stealthy swim, (amphibious), 8 rings, (constrict 8)
a: End Transformation, Heroism, Finesse, Renounce Religion, Evoke Flight


You were on level 11 of the Dungeon.
You worshipped Okawaru.
Okawaru was extremely pleased with you.
You were hungry.
You were a venomous arachnid creature.
You visited 2 branches of the dungeon, and saw 12 of its levels.
You also visited: Ossuary.

You collected 618 gold pieces.

Inventory:

Hand Weapons
 k - a cursed +0 hunting sling
Missiles
 a - 119 arrows
 f - 281 stones (quivered)
Jewellery
 h - a +2 amulet of reflection (around neck)
 l - a ring of positive energy (left front leg)
 q - an uncursed amulet of the gourmand
 B - a +5 ring of intelligence (right front leg)
 F - the ring "Wodghek" (on tentacle) {+Fly Int+3}
   (You took it off a crimson imp on level 10 of the Dungeon)

   [ring of flight]

   It affects your intelligence (+3).
   It lets you fly.
 L - an uncursed ring of teleportation
Wands
 e - a wand of confusion (29/48)
 i - a wand of confusion (25/48)
 u - a wand of paralysis (16/24)
 w - a wand of iceblast (7/15)
 y - a wand of iceblast (2/15)
 C - a wand of scattershot (7/9)
 G - a wand of flame (18/48)
 M - a wand of enslavement (9/24)
Scrolls
 d - 4 scrolls of amnesia
 n - 3 scrolls of magic mapping
 p - 5 scrolls of remove curse
 r - 2 scrolls of immolation
 z - 2 scrolls of random uselessness
 A - 5 scrolls of teleportation
 D - 2 scrolls of fear
 H - a scroll of enchant armour {unknown}
 I - a scroll of fog {unknown}
 K - a scroll of identify
Potions
 s - 3 potions of ambrosia
 t - 5 potions of degeneration
 v - a potion of brilliance
 x - 3 potions of flight
 E - a potion of resistance
 J - a potion of cancellation
Books
 b - a book of Changes

   Spells                             Type                      Level
   a - Beastly Appendage              Transmutation                1
   b - Sticks to Snakes               Transmutation                2
   c - Spider Form                    Transmutation/Poison         3
   d - Ice Form                       Ice/Transmutation            4
   e - Blade Hands                    Transmutation                5
Comestibles
 c - 4 bread rations
 g - 22 fruits
 j - 4 meat rations
 o - 7 royal jellies


   Skills:
 + Level 7.8 Fighting
 - Level 10.8 Dodging
 - Level 10.3 Unarmed Combat
 - Level 2.0 Spellcasting
 + Level 7.6 Transmutations
 - Level 4.0 Poison Magic


You had 3 spell levels left.
You knew the following spells:

 Your Spells              Type           Power        Failure   Level  Hunger
a - Beastly Appendage     Tmut           #####.       3%          1    None
b - Sticks to Snakes      Tmut           #####...     4%          2    ##.....
c - Spider Form           Tmut/Pois      ####......   10%         3    ###....
d - Blade Hands           Tmut           #####.....   30%         5    ######.


Dungeon Overview and Level Annotations

Branches:
Dungeon (11/15)            Temple (1/1) D:5             Orc (0/2) D:10
   Lair: D:8-11

Altars:
Ashenzari
Cheibriados
Elyvilon
Fedhas
Gozag
Hepliaklqana
Kikubaaqudgha
Makhleb
Nemelex Xobeh
Okawaru
Qazlal
Ru
Sif Muna
Trog
Uskayaw
Vehumet
Xom
Zin
The Shining One

Shops:
D:7 [

Annotations:
D:4 Menkaure


Innate Abilities, Weirdness & Mutations

You cannot wear most types of armour.
You are very stealthy in the water. (Stealth+)
((You are amphibious.))
You can wear up to eight rings at the same time.
((You can use your tentacles to constrict eight enemies at once.))
((Your skin changes colour to match your surroundings (Stealth+).))
((Your rubbery body absorbs attacks. (AC +1, EV +1)))


Message History

You butcher the orc corpse.
Something hits you.
You stop butchering the corpse.
* * * LOW HITPOINT WARNING * * *
Unknown command.
Casting: Spider Form
Confirm with . or Enter, or press ? or * to list all spells.
You turn into a venomous arachnid creature.
Something hits you!
* * * LOW HITPOINT WARNING * * *
Something misses you.
Things that are here:
a battleaxe; a plate armour; an orc corpse You butcher the orc corpse.
Something barely misses you. Something hits you.
* * * LOW HITPOINT WARNING * * *
Items here: % ) [ ÷ a battleaxe; a plate armour; 3 chunks of flesh; an orc skeleton You hit something.
Something misses you. Something hits you.
* * * LOW HITPOINT WARNING * * *
Something hits you.
You die...

.## #.....##.##.##...# ..#
#.....##.##.##...# #.#
##.#####.##......# #.# #.
#...#.##...# ##### #.## #.
#.<.#.############.... #..# #.#
#...#.#######.....)##. ##.#
#.####..)#.#.......####.##. #.#
#......#)#.#.......# #.##. #.##
#.......))s#......^# #.##. #..#
#......#)######....####.##.
##.###......#.# #......÷....##.
###..##......#.# #.......#####..
.....##.##.##..####.......# #.<
###...#.##..#.....#.......#####.#
........##..#.###.#.......##....#
#####...##.....##.#.......##.###.
#...###.#.....#.......##.# #.


There were no monsters in sight!

Vanquished Creatures
  Erolcha (D:9)
  A two-headed ogre (D:9)
  Urug (D:10)
  A deep elf mage (D:8)
  An ugly thing (D:11)
  Joseph (D:7)
  Psyche (D:8)
  Grinder (D:6)
  3 hippogriffs
  Prince Ribbit (D:7)
  Sigmund (D:6)
  6 yaks (D:9)
  A steam dragon (D:9)
  A warg (D:10)
  Duvessa (D:7)
  2 porcupines (D:11)
  A black bear (D:11)
  3 ice beasts
  9 orc warriors
  6 ogres
  A necrophage (D:11)
  A hornet zombie (D:9)
  4 centaurs
  4 big kobolds
  2 elf zombies (Ossuary)
  5 bullfrogs
  A gnoll sergeant (D:11)
  Dowan (D:7)
  3 scorpions
  A killer bee (D:9)
  4 wights (D:9)
  A howler monkey (D:11)
  4 crimson imps
  2 bullfrog zombies
  A centaur zombie (Ossuary)
  5 hounds
  6 orc priests
  2 centaur skeletons
  3 jellies
  A human zombie (Ossuary)
  8 orc wizards
  2 bullfrog skeletons
  4 iguanas
  Natasha (thrice) (D:3)
  5 worker ants
  2 big kobold zombies (Ossuary)
  A hound skeleton (D:6)
  2 hound zombies
  3 mummies (Ossuary)
  A howler monkey zombie (D:7)
  11 gnolls
  14 adders
  A shadow imp (D:6)
  2 oozes
  9 adder zombies
  2 adder skeletons (D:8)
  2 worms (D:3)
  A dart slug (D:3)
  4 leopard geckos
  34 orcs
  3 ball pythons
  4 giant cockroaches
  2 gnoll zombies (Ossuary)
  7 goblins
  13 hobgoblins
  7 jackals
  15 kobolds
  4 quokkas
  4 bats
  4 frilled lizards (D:3)
  A goblin zombie (Ossuary)
  6 hobgoblin zombies (Ossuary)
  3 jackal zombies (Ossuary)
  5 kobold zombies (Ossuary)
  An orc zombie (Ossuary)
  4 quokka zombies
  6 rats
  3 rat zombies
298 creatures vanquished.

Vanquished Creatures (collateral kills)
  A bullfrog (D:6)
  3 adders (D:2)
  A bat (D:1)
5 creatures vanquished.

Vanquished Creatures (others)
  6 fungi (D:11)
  2 plants (D:11)
8 creatures vanquished.

Grand Total: 311 creatures vanquished

Notes
Turn   | Place    | Note
-------+----------+-------------------------------------------
     0 | D:1      | spgg the Octopode Transmuter began the quest for the Orb.
     0 | D:1      | Reached XP level 1. HP: 13/13 MP: 3/3
   327 | D:1      | Reached XP level 2. HP: 18/18 MP: 3/5
   331 | D:1      | Learned a level 2 spell: Sticks to Snakes
   899 | D:2      | Found a snail-covered altar of Cheibriados.
   923 | D:2      | Reached XP level 3. HP: 23/23 MP: 6/6
   936 | D:2      | Learned a level 3 spell: Spider Form
  1088 | D:2      | Reached skill level 1 in Poison Magic
  1694 | D:2      | Reached XP level 4. HP: 28/28 MP: 7/7
  2194 | D:3      | Noticed Natasha
  2205 | D:3      | Killed Natasha
  2596 | D:3      | Reached XP level 5. HP: 33/33 MP: 8/8
  3232 | D:3      | Noticed Natasha
  3239 | D:3      | Killed Natasha
  3239 | D:3      | Reached XP level 6. HP: 38/38 MP: 5/9
  3585 | D:3      | Found a faded altar of an unknown god.
  3682 | D:3      | Noticed Natasha
  3693 | D:3      | Killed Natasha
  3861 | D:4      | Found an ancient bone altar of Kikubaaqudgha.
  3869 | D:4      | Noticed Menkaure
  3906 | D:5      | Entered Level 5 of the Dungeon
  4019 | D:5      | Reached XP level 7. HP: 32/43 MP: 6/10
  4185 | D:5      | Reached skill level 5 in Unarmed Combat
  4199 | D:5      | Found a staircase to the Ecumenical Temple.
  4207 | Temple   | Entered the Ecumenical Temple
  4211 | Temple   | Became a worshipper of Warmaster Okawaru
  4982 | D:6      | Noticed Grinder
  5235 | D:6      | Found a radiant altar of Vehumet.
  5258 | D:6      | Reached XP level 8. HP: 33/52 MP: 8/11
  5277 | D:6      | Reached * piety under Okawaru
  5296 | D:6      | Reached skill level 5 in Dodging
  5376 | D:6      | Found a sand-covered staircase.
  5384 | Ossuary  | Entered an ossuary
  6230 | D:6      | Killed Grinder
  6230 | D:6      | Reached ** piety under Okawaru
  6230 | D:6      | Reached skill level 5 in Fighting
  6391 | D:6      | Noticed Sigmund
  6404 | D:6      | Killed Sigmund
  6404 | D:6      | Reached skill level 5 in Transmutations
  6557 | D:6      | Reached XP level 9. HP: 59/61 MP: 5/12
  6628 | D:6      | Found an opulent altar of Gozag.
  6816 | D:7      | Noticed Joseph
  6832 | D:7      | Killed Joseph
  6909 | D:7      | Found a blossoming altar of Fedhas.
  6931 | D:7      | Noticed Prince Ribbit
  6953 | D:7      | Killed Prince Ribbit
  6953 | D:7      | Reached *** piety under Okawaru
  7193 | D:7      | Found Qaduomm's Antique Armour Shoppe.
  7246 | D:7      | Noticed Dowan
  7248 | D:7      | Noticed Duvessa
  7259 | D:7      | Killed Duvessa
  7265 | D:7      | Killed Dowan
  7720 | D:8      | Noticed a deep elf mage
  7831 | D:8      | Killed a deep elf mage
  7831 | D:8      | Reached **** piety under Okawaru
  7831 | D:8      | Reached XP level 10. HP: 63/66 MP: 7/13
  8075 | D:8      | Found a shattered altar of Ashenzari.
  8542 | D:8      | Noticed Psyche
  8558 | D:8      | Killed Psyche
  8564 | D:8      | HP: 3/99 [poisoned by Psyche]
  9007 | D:8      | Found a sacrificial altar of Ru.
  9007 | D:8      | Found a deep blue altar of Sif Muna.
  9313 | D:9      | Noticed Erolcha
  9331 | D:9      | Killed Erolcha
  9331 | D:9      | Reached ***** piety under Okawaru
  9331 | D:9      | Reached skill level 10 in Dodging
  9578 | D:9      | Noticed a two-headed ogre
  9585 | D:9      | Killed a two-headed ogre
  9585 | D:9      | Reached skill level 10 in Unarmed Combat
  9775 | D:9      | Reached XP level 11. HP: 53/72 MP: 14/14
 10336 | D:10     | Entered Level 10 of the Dungeon
 10438 | D:10     | Got a smoking jade ring
 10439 | D:10     | Identified the ring "Wodghek" {+Fly Int+3} (You took it off a crimson imp on level 10 of the Dungeon)
 10459 | D:10     | Learned a level 5 spell: Blade Hands
 10540 | D:10     | Found a sacrificial altar of Ru.
 10716 | D:10     | Noticed Urug
 10732 | D:10     | Killed Urug
 10732 | D:10     | Received a gift from Okawaru
 10805 | D:10     | Found a staircase to the Orcish Mines.
 11192 | D:11     | Noticed a green ugly thing
 12699 | D:11     | Killed a green ugly thing
 13294 | D:11     | HP: 2/76 [something (5)]
 13294 | D:11     | Slain by an unseen horror

Skill      XL: |  1  2  3  4  5  6  7  8  9 10 11 |
---------------+----------------------------------+-----
Transmutations | 3 4 5 7 |  7.6
Poison Magic   | 2 4 |  4.0
Unarmed Combat | 4 5 8 10 | 10.3
Dodging        | 3 4 6 8 10 | 10.8
Fighting       | 3 5 7 |  7.8
Spellcasting   | |  2.0

Action                   |  1- 3 |  4- 6 |  7- 9 | 10-12 || total
-------------------------+-------+-------+-------+-------++-------
Melee: Unarmed           |    65 |   199 |   442 |   412 ||  1118
       Tentacles         |    13 |     4 |     9 |     9 ||    35
       Constrict         |    13 |    11 |    24 |    12 ||    60
       Kick              |     7 |       |       |       ||     7
       Punch             |     1 |       |     2 |     5 ||     8
Throw: Stone             |     4 |       |       |       ||     4
 Cast: Beastly Appendage |    10 |       |       |       ||    10
       Sticks to Snakes  |     6 |       |     2 |       ||     8
       Spider Form       |       |    24 |    38 |    38 ||   100
Invok: Heroism           |       |       |     5 |    10 ||    15
  Use: Scroll            |       |       |    12 |     8 ||    20
       Potion            |       |       |       |     6 ||     6
 Stab: Sleeping          |     5 |     3 |     4 |     2 ||    14
  Eat: Chunk             |     3 |    11 |     9 |    11 ||    34
       Meat ration       |       |       |     1 |     1 ||     2
       Bread ration      |       |       |     1 |       ||     1
       Fruit             |       |       |       |     5 ||     5
Armor: Skin              |     7 |     7 |    18 |     6 ||    38
Dodge: Dodged            |    45 |   137 |   360 |   375 ||   917
Block: Other             |     2 |    12 |    36 |    33 ||    83
       Reflection        |       |       |     1 |       ||     1
